 Dungeon Crawl Stone Soup version 0.28.0-53-g5a82cb258f (webtiles) character file.

Game seed: 14126504170669395558

59 jiml777 the Digger (level 4, 0/24 HPs)
             Began as a Gargoyle Earth Elementalist on June 11, 2022.
             Slain by Sigmund
             ... wielding a +6 scythe of freezing
              (5 damage)
             ... on level 3 of the Dungeon.
             The game lasted 00:10:39 (2339 turns).

jiml777 the Digger (Gargoyle Earth Elementalist)    Turns: 2339, Time: 00:10:40

Health: 0/24       AC:  9    Str: 12    XL:     4   Next: 3%
Magic:  6/8        EV: 12    Int: 17    God:
Gold:   161        SH:  0    Dex: 10    Spells: 3/9 levels left

rFire   . . .      SeeInvis .   i - staff of earth
rCold   . . .      Faith    .   (no shield)
rNeg    + . .      Spirit   .   b - +0 robe
rPois   ∞          Reflect  .   (no helmet)
rElec   +          Harm     .   h - +2 cloak
rCorr   .          Rampage  .   g - +0 pair of gloves
Will    .....                   (no boots)
Stlth   ++........              (no amulet)
HPRegen 0.08/turn               j - ring of flight
MPRegen 0.11/turn               (no ring)

@: flying
A: sickness immunity, AC +3, negative energy resistance 1, electricity
resistance, torment resistance 1, petrification resistance
a: no special abilities


You were on level 3 of the Dungeon.
You visited 1 branch of the dungeon, and saw 3 of its levels.

You collected 161 gold pieces.

Inventory:

Hand Weapons
 d - a +0 dagger
Missiles
 a - 24 bolts
 e - 47 arrows
 f - 16 sling bullets
 m - 5 poisoned darts
Armour
 b - a +0 robe (worn)
 g - a +0 pair of gloves (worn)
 h - a +2 cloak (worn)
Magical Staves
 i - a staff of earth (weapon)
Jewellery
 j - a ring of flight (left hand)
Wands
 k - a wand of iceblast (6)
Scrolls
 l - a scroll of amnesia {unknown}
 n - a scroll of blinking {unknown}
 o - a scroll of magic mapping {unknown}
 p - a scroll of holy word {unknown}
Potions
 q - a potion of curing


   Skills:
 + Level 0.3 Short Blades
 + Level 1.7 Dodging
 + Level 2.4 Stealth
 + Level 3.0 Spellcasting
 + Level 0.7 Transmutations
 + Level 4.4 Earth Magic


You had 3 spell levels left.
You knew the following spells:

 Your Spells              Type           Power      Damage    Failure   Level
a - Sandblast             Erth           52%        2d12      2%          1
b - Passwall              Tmut/Erth      14%        N/A       9%          2
c - Stone Arrow           Conj/Erth      30%        3d8       22%         3

Your spell library contained the following spells:

 Spells                   Type           Power      Damage    Failure   Level
 Blink                    Tloc           4%         N/A       26%         2
 Lesser Beckoning         Tloc           2%         N/A       45%         3
 Petrify                  Tmut/Erth      17%        N/A       52%         4
 Manifold Assault         Tloc           2%         N/A       99%         5


Dungeon Overview and Level Annotations

Branches:
Dungeon (3/15)

Altars:
Ashenzari

Annotations:
D:3 Sigmund


Innate Abilities, Weirdness & Mutations

You are immune to sickness and miasma.
Your stone body is resilient. (AC +3)
You are immune to poison.
You resist negative energy. (rN+)
You are resistant to electric shocks. (rElec)
You are resistant to unholy torment.
You are immune to petrification.


Message History

Press: ? - help, Shift-Dir - straight line, f - Sigmund
Aim: Sigmund, wielding a +6 scythe of freezing and wearing a +0 robe (78% to hit)
You feel a surge of power!
The blast of sand hits Sigmund!
Sigmund is moderately wounded.
Sigmund casts a spell.
Sigmund flickers and vanishes!
Deactivating autopickup; reactivate with Ctrl-A.
Casting: Sandblast (safe; 2% risk of failure)
Confirm with . or Enter, or press ? or * to list all spells.
You can't see any susceptible monsters within range! (Use Z to cast anyway.)
Casting: Sandblast (safe; 2% risk of failure)
Confirm with . or Enter, or press ? or * to list all spells.
Aiming: Sandblast (safe; 2% risk of failure)
Press: ? - help, Shift-Dir - straight line You feel a surge of power!
The blast of sand hits something.
Something hits you! Something freezes you.
A kobold comes into view. It is wielding a +0 dagger.
A rat and a ball python come into view.
A puff of flame appears from out of thin air!
The puff of flame hits you but does no damage.
Something hits you. Something freezes you.
Casting: Sandblast (safe; 2% risk of failure)
Confirm with . or Enter, or press ? or * to list all spells.
Aiming: Sandblast (safe; 2% risk of failure)
Press: ? - help, Shift-Dir - straight line You feel a surge of power!
The blast of sand misses the rat.
You now have no stones remaining.
A magic dart appears from out of thin air!
The magic dart hits you.
Casting: Sandblast (safe; 2% risk of failure)
Confirm with . or Enter, or press ? or * to list all spells.
You don't have any stones to cast with.
Casting: Sandblast (safe; 2% risk of failure)
Confirm with . or Enter, or press ? or * to list all spells.
You don't have any stones to cast with.
Unknown command.
It was a potion of curing.
You feel better. Something hits you!
* * * LOW HITPOINT WARNING * * *
Something freezes you.
You die...

...##..#...........#
##......#.##.......# . ..
>.......#.....#
..####.###..##..##...# ######
#......#.....#.......###.....#
#............#r#............
#....<.#####.#{#...#........
#.......# #.#.##...........
.<..#.#..#####.#@##.##.......?
..................#.##........
....#..####.##...##.##........
....... ...#..#.##.##........
...............#)#..###.......
.. ........##.)...## #.....#
..... ###..## ###### ... ####
..


You could see a rat.

Vanquished Creatures
  An adder (D:2)
  A worm (D:2)
  4 ball pythons
  9 bats
  7 endoplasms
  3 giant cockroaches
  2 goblins
  7 hobgoblins
  2 kobolds
  2 quokkas
  A frilled lizard (D:1)
  3 rats
42 creatures vanquished.

Notes
Turn   | Place    | Note
-------+----------+-------------------------------------------
     0 | D:1      | jiml777 the Gargoyle Earth Elementalist began the quest for
                  | the Orb.
     0 | D:1      | Reached XP level 1. HP: 10/10 MP: 3/3
   148 | D:1      | Found a faded altar of an unknown god.
   359 | D:1      | Reached XP level 2. HP: 15/15 MP: 3/5
   399 | D:1      | Reached skill level 4 in Earth Magic
   598 | D:1      | Learned a level 2 spell: Passwall
   901 | D:1      | Reached XP level 3. HP: 19/19 MP: 4/6
   905 | D:1      | Learned a level 3 spell: Stone Arrow
  1987 | D:2      | Found a broken altar of Ashenzari.
  2234 | D:2      | Reached XP level 4. HP: 24/24 MP: 6/8
  2321 | D:3      | Noticed Sigmund
  2339 | D:3      | Slain by Sigmund

Illustrated notes

Levels and vault maps discovered:
D:1:      tarquinn_simple_flora_water_f, layout_basic,
          chequers_ecumenical_altar_island, chequers_big_river,
          kennysheep_crisscross, serial_bayou_pond_c
D:2:      layout_basic, basic_altar
D:3:      layout_rooms, mainiacjoe_overflow_concentric_impassable,
          marbit_many_paths, gup_sewer_entry_spiral, minmay_divided_ellipse,
          uniq_terence, uniq_sigmund, uniq_natasha

Skill      XL: |  1  2  3 |
---------------+----------+-----
Earth Magic    | 4 |  4.4
Spellcasting   | 3 |  3.0
Short Blades   | |  0.3
Dodging        | |  1.7
Stealth        | |  2.4
Transmutations | |  0.7

Action                   |  1- 3 |  4- 6 || total
-------------------------+-------+-------++-------
Melee: Dagger            |    24 |       ||    24
 Cast: Sandblast         |    53 |     5 ||    58
  Use: Potion            |       |     1 ||     1
Armor: Robe              |    20 |     2 ||    22
Dodge: Dodged            |    19 |       ||    19
